 Dungeon Crawl Stone Soup version 0.24.0-1-gfbc8707 (webtiles) character file.

Game seed: 5664845763418213590, levelgen mode: deterministic

348 Bucky5 the Grave Robber (level 6, -2/42 HPs)
             Began as a Demonspawn Necromancer on Oct 25, 2019.
             Killed by nerve-wracking pain
             ... invoked by an orc priest
              (12 damage)
             ... on level 4 of the Dungeon on Oct 28, 2019.
             The game lasted 00:10:00 (4558 turns).

Bucky5 the Grave Robber (Demonspawn Necromancer)    Turns: 4558, Time: 00:10:00

Health: -2/42      AC:  4    Str: 12    XL:     6   Next: 33%
Magic:  0/13       EV: 13    Int: 17    God:
Gold:   90         SH:  0    Dex: 13    Spells: 13/14 levels left

rFire    . . .     SeeInvis .   e - +0 spear
rCold    . . .     Gourm    .   (no shield)
rNeg     . . .     Faith    .   a - +0 robe
rPois    .         Spirit   +   (no helmet)
rElec    .         Reflect  .   b - +0 cloak
rCorr    .         Harm     .   j - +0 pair of gloves
MR       .....                  (no boots)
Stlth    +++.......             g - amulet of guardian spirit
HPRegen  0.14/turn              l - +2 ring of strength
MPRegen  0.13/turn              (no ring)

@: no status effects
A: claws 2, nightstalker 1, sturdy frame 2
a: no special abilities


You were on level 4 of the Dungeon.
You were full.

You visited 1 branch of the dungeon, and saw 4 of its levels.

You collected 90 gold pieces.

Inventory:

Hand Weapons
 e - a +0 spear (weapon)
Missiles
 c - 3 boomerangs (quivered)
Armour
 a - a +0 robe (worn)
 b - a +0 cloak (worn)
 j - a +0 pair of gloves (worn)
 m - a +0 pair of boots
Jewellery
 g - an amulet of guardian spirit (around neck)
 l - a +2 ring of strength (left hand)
Scrolls
 d - 2 scrolls of fog {unknown}
 h - 4 scrolls of identify {unknown}
 n - a scroll of enchant weapon {unknown}
 p - 3 scrolls of teleportation {unknown}
 q - 2 scrolls of amnesia {unknown}
 s - a scroll of magic mapping {unknown}
Comestibles
 f - a chunk of flesh
 o - 2 rations


   Skills:
 + Level 0.4 Fighting
 + Level 0.3 Polearms
 + Level 2.5 Dodging
 + Level 1.9 Stealth
 - Level 0.1 Unarmed Combat
 + Level 4.7 Spellcasting
 + Level 5.8 Necromancy


You had 13 spell levels left.
You knew the following spells:

 Your Spells              Type           Power        Failure   Level  Hunger
a - Pain                  Necr           ###.         1%          1    None

Your spell library contained the following spells:

 Spells                   Type           Power        Failure   Level  Hunger
 Animate Skeleton         Necr           N/A          1%          1    None
 Vampiric Draining        Necr           ###.......   4%          3    ###....
 Regeneration             Chrm/Necr      ##........   13%         3    ###....
 Animate Dead             Necr           N/A          13%         4    ####...


Dungeon Overview and Level Annotations

Branches:
Dungeon (3/15)

Altars:
Gozag


Innate Abilities, Weirdness & Mutations

You have very sharp fingernails.
You are slightly more attuned to the shadows.
Your movements are less encumbered by armour. (ER -4)


Message History

Aim: a worm (almost dead)
You hit the worm but do no damage.
The worm is almost dead.
The worm barely misses you.
You hit the worm.
You kill the worm!
You see here a worm corpse.
You butcher the worm corpse.
f - a chunk of flesh An orc priest is nearby!
Casting: Pain (safe; 1% risk of failure)
Confirm with . or Enter, or press ? or * to list all spells.
Aiming: Pain (safe; 1% risk of failure)
Press: ? - help, Shift-Dir - straight line, f - orc priest
Aim: an orc priest, wearing a +0 leather armour (hasn't noticed you, chance to defeat MR: 83%)
The orc priest shouts!
The orc priest writhes in agony.
The orc priest calls down the wrath of Beogh upon you.
Pain shoots through your body!
You die...

#. .# #. #.## #.
##...## # ##.
#######.....##
##.##.###.............#
..........# #........
.......#..# #)...#
######.#..# ## #.#.....
######.#..# #.##@# .###
.......#..##.#.#.# #
#####..#....###o.#
#..#.###.#.#.# #..#.#
#.##.# #..#.####.##.##.
#..#............
#..######.######
#####..# #.#


You could see an orc priest.

Vanquished Creatures
  2 orc priests
  An orc wizard (D:4)
  Jessica (D:2)
  2 worker ants (D:4)
  A hound skeleton (D:4)
  6 adders
  An ooze (D:4)
  A worm (D:4)
  8 dart slugs
  3 leopard geckos
  20 orcs
  3 ball pythons
  A giant cockroach (D:1)
  8 goblins
  6 hobgoblins
  2 quokkas
  5 bats (D:1)
  5 frilled lizards
  A jackal skeleton (D:4)
  4 kobolds
  4 rats
85 creatures vanquished.

Notes
Turn   | Place    | Note
-------+----------+-------------------------------------------
     0 | D:1      | Bucky5 the Demonspawn Necromancer began the quest for the
                  | Orb.
     0 | D:1      | Reached XP level 1. HP: 13/13 MP: 3/3
   710 | D:1      | Gained mutation: Your movements are slightly less
                  | encumbered by armour. (ER -2) [demonic ancestry]
   710 | D:1      | Reached XP level 2. HP: 19/19 MP: 3/5
  1426 | D:1      | Gained mutation: You have sharp fingernails. [demonic
                  | ancestry]
  1426 | D:1      | Reached XP level 3. HP: 19/24 MP: 4/6
  1971 | D:2      | Found a faded altar of an unknown god.
  2100 | D:2      | Noticed Jessica
  2107 | D:2      | Killed Jessica
  2107 | D:2      | Reached skill level 5 in Necromancy
  2107 | D:2      | Gained mutation: You are slightly more attuned to the
                  | shadows. [demonic ancestry]
  2107 | D:2      | Reached XP level 4. HP: 25/30 MP: 1/8
  2411 | D:2      | Found an opulent altar of Gozag.
  2777 | D:3      | Gained mutation: Your movements are less encumbered by
                  | armour. (ER -4) [demonic ancestry]
  2777 | D:3      | Reached XP level 5. HP: 12/35 MP: 0/10
  3584 | D:3      | You fall into a shaft and drop 1 floor!
  3920 | D:4      | Gained mutation: You have very sharp fingernails. [demonic
                  | ancestry]
  3920 | D:4      | Reached XP level 6. HP: 16/41 MP: 0/12
  4344 | D:4      | Upgraded the game from 0.24-b1-48-gd9db55c to
                  | 0.24.0-1-gfbc8707
  4558 | D:4      | Killed from afar by an orc priest

Levels and vault maps discovered:
D:1:      minmay_arrival_checkered_box, layout_loops_ring
D:2:      layout_rooms, chequers_ecumenical_altar_island, first_ration,
          grunt_gozag_statues, uniq_jessica
D:3:      minmay_inner_zag, layout_basic
D:4:      layout_loops_ring, nicolae_overflow_hidden_temple, uniq_blork_the_orc

Skill      XL: |  1  2  3  4  5 |
---------------+----------------+-----
Dodging        | 2 |  2.5
Spellcasting   | 3 4 |  4.7
Necromancy     | 5 |  5.8
Fighting       | |  0.4
Polearms       | |  0.3
Stealth        | |  1.9
Unarmed Combat | |  0.1

Action                   |  1- 3 |  4- 6 || total
-------------------------+-------+-------++-------
Melee: Unarmed           |     9 |       ||     9
       Spear             |    61 |    36 ||    97
 Cast: Pain              |    42 |   130 ||   172
  Use: Potion            |       |     4 ||     4
  Eat: Chunk             |     3 |     3 ||     6
       Ration            |     1 |     2 ||     3
Armor: Robe              |    31 |    13 ||    44
       Skin              |       |     8 ||     8
Dodge: Dodged            |    58 |    31 ||    89
